 Dungeon Crawl Stone Soup version 0.31-a0-1616-gbeaec30b81 (webtiles) character file.

Game seed: 8137369381058734602

338 Aneyh the Poker (level 6, -4/55 HPs)
             Began as a Tengu Monk on Jan 8, 2024.
             Slain by an iguana (9 damage)
             ... on level 3 of the Dungeon on Jan 11, 2024.
             The game lasted 00:07:48 (2527 turns).

Aneyh the Poker (Tengu Monk)                        Turns: 2527, Time: 00:07:49

Health: -4/55      AC: 23    Str: 13    XL:     6   Next: 55%
Magic:  7/7        EV:  2    Int: 11    God:
Gold:   225        SH:  0    Dex: 16    Spells: 5/5 levels left

rFire   . . .        a - +0 spear
rCold   . . .        (no shield)
rNeg    . . .        n - melded +0 leather armour
rPois   +            (helmet currently unavailable)
rElec   .            h - melded +0 cloak
rCorr   .            (gloves currently unavailable)
SInv    .            (boots unavailable)
Will    .....        (no amulet)
Stlth   +            (no ring)
HPRegen 0.29/turn    (no ring)
MPRegen 0.10/turn

%: acrobat
@: tree-form
A: stationary, stasis, torment immunity, boosted hp, (beak), (talons 3),
acrobatic
a: no special abilities


You were on level 3 of the Dungeon.
You were a tree.
You visited 1 branch of the dungeon, and saw 4 of its levels.

You collected 225 gold pieces.

Inventory:

Hand Weapons
 a - a +0 spear (weapon)
 b - a +0 sling
Armour
 h - a +0 cloak (melded)
 n - a +0 leather armour (melded)
 o - a +0 robe
Magical Staves
 q - a staff of cold
Scrolls
 d - 2 scrolls of teleportation {unknown}
 f - 2 scrolls of noise {unknown}
 g - 2 scrolls of enchant weapon {unknown}
 i - a scroll of enchant armour {unknown}
 j - 4 scrolls of identify {unknown}
 l - a scroll of brand weapon {unknown}
Potions
 c - a potion of attraction {unknown}
 e - a potion of curing {unknown}
 k - a potion of degeneration {unknown}


   Skills:
 - Level 3.0 Fighting
 + Level 7.8 Polearms
 - Level 3.2 Dodging


You had 5 spell levels left.
You didn't know any spells.
Your spell library was empty.

Dungeon Overview and Level Annotations

Branches:
Dungeon (4/15)
 Temple: D:4-7

Altars:

Shops:
D:4 =


Innate Abilities, Weirdness & Mutations

You are a tree.
Your roots penetrate the ground, keeping you stationary.
You cannot be teleported.
You are immune to unholy pain and torment.
Your maximum health is greatly increased.
Your equipment is partially melded.
((You have a beak for a mouth.))
((You have claws for feet.))
You can magically evade attacks while moving or waiting.


Message History

You hit the jelly.
Your hands burn!
You claw the jelly. You peck the jelly.
You kill the jelly!
You hit the iguana but do no damage. You claw the iguana, but do no damage.
You closely miss the iguana. Your kick misses the iguana.
Your peck misses the iguana. The iguana bites you.
You hit the iguana. You claw the iguana, but do no damage.
You peck the iguana, but do no damage.
The iguana is lightly wounded.
The iguana bites you!
* * * LOW HITPOINT WARNING * * *
You hit the iguana but do no damage. Your kick misses the iguana.
You peck the iguana, but do no damage.
The iguana is lightly wounded.
Unknown command.
The iguana attacks as it pursues you! The iguana misses you.
There is an escape hatch in the ceiling here.
The iguana attacks as it pursues you! The iguana completely misses you.
The iguana attacks as it pursues you! The iguana completely misses you.
Things that are here:
a hound corpse; a ribbon worm corpse The iguana attacks as it pursues you!
The iguana completely misses you.
You see here 8 stones.
The iguana attacks as it pursues you! The iguana completely misses you.
The iguana attacks as it pursues you! The iguana barely misses you.
There is a stone staircase leading up here.
The iguana bites you!
* * * LOW HITPOINT WARNING * * *
You climb upwards.
There is a stone staircase leading down here.
The iguana attacks as it pursues you! The iguana completely misses you.
The iguana hisses menacingly.
The iguana attacks as it pursues you! The iguana bites you.
* * * LOW HITPOINT WARNING * * *
It was a potion of cancellation.
You feel magically purged. The iguana barely misses you.
It was a potion of lignification.
You turn into a tree.
Your +0 cloak melds into your body.
Your +0 leather armour melds into your body.
Your roots penetrate the ground.
The iguana bites you!
You die...

.#....#...........##..........##.
......#..........................
......#............##.##....#.###
......#............##.##....#.###
.†....#...................#......
#####.#.....(.............#..#...
..# #.##########.#........#..#...
#.###.........##.#<..........#...
#.............##♣##.......#.##...
#####.........##.l.....>..#.##...
# #.........#####.......#...... #
#.....................#...##^ ###
#.........#####.......#...##. ..#
#............##.......#...... ..#
####.##....#.#####....#...#..
..###....##....#.............##..
....#..........#...........(.###.


You could see an iguana.

Vanquished Creatures
  A scorpion (D:4)
  3 bombardier beetles
  A hound (D:4)
  A jelly (D:4)
  An iguana (D:4)
  4 adders
  A ribbon worm (D:4)
  5 dart slugs
  4 orcs
  2 endoplasms
  3 giant cockroaches
  7 goblins
  5 hobgoblins
  3 jackals (D:1)
  3 kobolds
  A quokka (D:1)
  3 ball pythons
  4 bats
  2 frilled lizards
  A rat (D:1)
55 creatures vanquished.

Notes
Turn   | Place    | Note
-------+----------+-------------------------------------------
     0 | D:1      | Aneyh the Tengu Monk began the quest for the Orb.
     0 | D:1      | Reached XP level 1. HP: 14/14 MP: 2/2
     5 | D:1      | Upgraded the game from 0.31-a0-1611-g890cdf5628 to
                  | 0.31-a0-1616-gbeaec30b81
    61 | D:1      | Reached XP level 2. HP: 15/19 MP: 3/3
   166 | D:1      | Reached skill level 4 in Polearms
   619 | D:2      | Reached XP level 3. HP: 10/23 MP: 4/4
   857 | D:2      | Reached skill level 5 in Polearms
  1230 | D:3      | Reached XP level 4. HP: 21/28 MP: 5/5
  1885 | D:4      | Reached skill level 6 in Polearms
  1896 | D:3      | Reached XP level 5. HP: 20/32 MP: 6/6
  2202 | D:4      | Reached skill level 7 in Polearms
  2231 | D:4      | Found Fomoesuc's Jewellery Shoppe.
  2389 | D:4      | Reached XP level 6. HP: 37/37 MP: 7/7
  2527 | D:3      | Slain by an iguana

Illustrated notes

Levels and vault maps discovered:
D:1:      onia_arrival_pyramid, layout_rooms, serial_forest,
          infiniplex_forest_corner_1, infiniplex_forest_lined_room_2,
          infiniplex_forest_3_way, infiniplex_forest_lined_2,
          infiniplex_forest_end_double, minmay_tripent
D:2:      layout_rooms
D:3:      layout_basic
D:4:      layout_rooms, kennysheep_mini_moat, nicolae_inconvenience_store

Skill      XL: |  1  2  3  4  5 |
---------------+----------------+-----
Polearms       | 4 5 6 7 |  7.8
Fighting       | |  3.0
Dodging        | |  3.2

Action                     |  1- 3 |  4- 6 || total
---------------------------+-------+-------++-------
  Melee: Spear             |    72 |    86 ||   158
         Peck              |     8 |    21 ||    29
         Kick              |    10 |    29 ||    39
   Fire: Sling             |    11 |    35 ||    46
    Use: Potion            |       |     5 ||     5
   Stab: Sleeping          |       |     1 ||     1
 Armour: Robe              |    23 |       ||    23
         Leather armour    |    12 |    41 ||    53
         Skin              |       |     1 ||     1
  Dodge: Dodged            |    45 |    46 ||    91

Table legend: (Time is in decaauts)
 A = Elapsed time spent in this place.
 B = Non-inter-level travel time spent in this place.
 C = Inter-level travel time spent in this place.
 D = Time resting spent in this place.
 E = Time spent auto-exploring this place.
 F = Levels seen in this place.
 G = Mean time per level.
                   A        B        C        D        E       F      G
               +--------+--------+--------+--------+--------+-----+--------+
         Total |   2514 |   2373 |    141 |    480 |   1243 |   4 |  628.5 |
       Dungeon |   2514 |   2373 |    141 |    480 |   1243 |   4 |  628.5 |
               +--------+--------+--------+--------+--------+-----+--------+

Top non-repeatable levels by time:
     D:3: 1061 daAuts
     D:1: 587 daAuts
     D:2: 480 daAuts
     D:4: 384 daAuts
